 Dungeon Crawl Stone Soup version 0.26.1-11-gd32895ea62 (webtiles) character file.

Game seed: 5472122532904381650

81 Exodus22XD the Chopper (level 4, -6/40 HPs)
             Began as a Hill Orc Monk on May 1, 2021.
             Was a Believer of Beogh.
             Mangled by a gnoll
             ... wielding a +4 halberd of venom
              (15 damage)
             ... on level 4 of the Dungeon.
             The game lasted 00:03:16 (2908 turns).

Exodus22XD the Chopper (Hill Orc Monk)              Turns: 2908, Time: 00:03:17

Health: -6/40      AC:  7    Str: 14    XL:     4   Next: 42%
Magic:  4/4        EV: 11    Int: 10    God:    Beogh [**....]
Gold:   143        SH:  8    Dex: 13    Spells: 3/3 levels left

rFire    + . .     SeeInvis .   a - +0 hand axe
rCold    x . .     Faith    .   r - +1 kite shield
rNeg     . . .     Spirit   .   m - +0 scale mail
rPois    .         Reflect  .   (no helmet)
rElec    .         Harm     .   (no cloak)
rCorr    .         Rampage  .   (no gloves)
Will     .....                  e - +0 pair of boots
Stlth    ..........             (no amulet)
HPRegen  0.13/turn              o - ring of fire
MPRegen  0.09/turn              h - +4 ring of evasion

@: no status effects
A: no striking features
a: Renounce Religion, Smiting


You were on level 4 of the Dungeon.
You worshipped Beogh.
Beogh was pleased with you.
You visited 1 branch of the dungeon, and saw 4 of its levels.

You collected 143 gold pieces.

Inventory:

Hand Weapons
 a - a +0 hand axe (weapon)
Armour
 e - a +0 pair of boots (worn)
 i - a +0 ring mail
 m - a +0 scale mail (worn)
 r - a +1 kite shield (worn)
Jewellery
 h - a +4 ring of evasion (right hand)
 o - a ring of fire (left hand)
Scrolls
 d - a scroll of fear
 j - a scroll of enchant armour
 k - a scroll of teleportation
Potions
 b - a potion of resistance
 c - a potion of attraction {unknown}
 f - 5 potions of curing
 g - a potion of lignification {unknown}
 n - a potion of ambrosia {unknown}
 q - a potion of mutation {unknown}
 u - a potion of might {unknown}
 v - a potion of heal wounds {unknown}


   Skills:
 + Level 4.2 Fighting
 + Level 5.2 Axes
 * Level 2.4 Armour
 - Level 2.4 Dodging
 - Level 1.5 Stealth
 * Level 0.5 Invocations


You had 3 spell levels left.
You didn't know any spells.
Your spell library was empty.

Dungeon Overview and Level Annotations

Branches:
Dungeon (4/15)
 Temple: D:4-7

Altars:
Hepliaklqana
Zin

Annotations:
D:4 Eustachio


Message History

The orc moves out of view. 2 orcs come into view.
The orc shouts!
The quasit gives a chilling moan.
You hear a shout!
A gnoll comes into view. It is wielding a +0 spear.
The orc moves out of view.
An orc wizard comes into view. It is wielding a +0 dagger.
The crimson imp blinks!
Found a stone staircase leading up.
The gnoll hits you from afar with a +0 spear.
* * * LOW HITPOINT WARNING * * *
A gnoll comes into view. It is wielding a +4 halberd of venom.
Eustachio gestures wildly while chanting.
Eustachio blinks!
Found a flail.
A gnoll comes into view. It is wielding a +0 spear.
The gnoll shouts!
You block the quasit's attack. The quasit barely misses you. x2
The gnoll hits you but does no damage.
The gnoll hits you from afar with a +4 halberd of venom!
You die...

.....5.##.......##
.....oo#.ยง###....#
............#....##
.....#o....#.....###
.....#oo.....##....#
....5.(.......##...#
.......gO5S@...##.##
......###.###......#
..##.. #.@# ###...##
. ##..g..# #####
......... #.........
#.#....#... ##..g..
#.## #....# ## ....#


You could see an ogre, an orc wizard, a quasit (summoned), 2 gnolls, an adder
and 4 orcs.

Vanquished Creatures
  A gnoll (D:2)
  An adder (D:3)
  3 dart slugs
  2 leopard geckos (D:1)
  7 orcs (D:3)
  3 goblins
  4 hobgoblins
  A quokka (D:2)
  5 bats
  5 frilled lizards
  10 kobolds
  6 rats
48 creatures vanquished.

Notes
Turn   | Place    | Note
-------+----------+-------------------------------------------
     0 | D:1      | Exodus22XD the Hill Orc Monk began the quest for the Orb.
     0 | D:1      | Reached XP level 1. HP: 19/19 MP: 1/1
   486 | D:1      | Reached XP level 2. HP: 27/27 MP: 2/2
   723 | D:1      | Reached skill level 1 in Armour
  1018 | D:2      | Reached XP level 3. HP: 28/33 MP: 3/3
  1346 | D:2      | Reached skill level 5 in Axes
  1823 | D:3      | Found a glowing silver altar of Zin.
  1823 | D:3      | Found a hazy altar of Hepliaklqana.
  1824 | D:3      | Became a worshipper of Beogh the Brigand
  1824 | D:3      | Reached * piety under Beogh
  1824 | D:3      | Reached ** piety under Beogh
  2242 | D:3      | Reached XP level 4. HP: 28/40 MP: 4/4
  2886 | D:4      | Noticed an ogre
  2899 | D:4      | Noticed Eustachio
  2908 | D:4      | Mangled by a gnoll

Illustrated notes

Levels and vault maps discovered:
D:1:      minmay_arrival_four_circles, layout_rooms, moated_statue,
          minmay_misc_feat_tower, minivault_5
D:2:      layout_basic, minmay_quantized
D:3:      layout_basic, grunt_temple_overflow_open
D:4:      layout_cave_pools, uniq_eustachio, uniq_robin

Skill      XL: |  1  2  3 |
---------------+----------+-----
Fighting       | 4 |  4.2
Armour         | 1 2 |  2.4
Axes           | 5 |  5.2
Dodging        | |  2.4
Stealth        | |  1.5
Invocations    | |  0.5

Action                   |  1- 3 |  4- 6 || total
-------------------------+-------+-------++-------
Melee: Hand axe          |   111 |    28 ||   139
Invok: Convert to Beogh  |     1 |       ||     1
  Use: Potion            |     1 |       ||     1
       Scroll            |       |     7 ||     7
Armor: Leather armour    |     5 |       ||     5
       Robe              |     1 |       ||     1
       Ring mail         |     5 |       ||     5
       Scale mail        |    22 |    15 ||    37
Dodge: Dodged            |    71 |    15 ||    86
Block: Kite shield       |       |     8 ||     8
